 Dungeon Crawl Stone Soup version 0.29.0-4-gdea44cf6ec (webtiles) character file.

Game seed: 18320311568481368673

6689 quinnr the Destroyer (level 11, -1/60 HPs)
             Began as a Tengu Conjurer on Aug 27, 2022.
             Was a Believer of Vehumet.
             Slain by a shadow (31 damage)
             ... on level 10 of the Dungeon.
             The game lasted 00:34:59 (16224 turns).

quinnr the Destroyer (Tengu Conjurer)              Turns: 16224, Time: 00:35:00

Health: -1/60      AC:  6    Str:  7    XL:     11   Next: 3%
Magic:  0/19       EV: 22    Int: 23    God:    Vehumet [**....]
Gold:   917        SH:  5    Dex: 19    Spells: 2/20 levels left

rFire   x . .      SeeInvis .   B - staff of air {!a}
rCold   + + .      Faith    .   (no shield)
rNeg    . . .      Spirit   .   M - +1 robe {rC+}
rPois   .          Reflect  +   (helmet restricted)
rElec   +          Harm     .   (no cloak)
rCorr   .          Rampage  .   l - +2 pair of gloves
Will    .....                   (boots unavailable)
Stlth   ++........              d - amulet of reflection
HPRegen 0.20/turn               D - +6 ring of dexterity
MPRegen 0.16/turn               C - ring of ice

@: flying quickly and evasively, quick
A: beak, talons 3, nimble flight
a: Renounce Religion


You were on level 10 of the Dungeon.
You worshipped Vehumet.
Vehumet was pleased with you.
You visited 2 branches of the dungeon, and saw 11 of its levels.
You also visited: Ossuary.

You collected 950 gold pieces.
You spent 33 gold pieces at shops.


Innate Abilities, Weirdness & Mutations

You have a beak for a mouth.
You have claws for feet.
Your magical nature lets you fly swiftly and evasively.


   Skills:
 - Level 3.0 Fighting
 + Level 9.5 Dodging
 - Level 2.0 Stealth
 * Level 5.0 Spellcasting
 - Level 14.0 Conjurations
 - Level 6.0 Hexes


You had 2 spell levels left.
You knew the following spells:

 Your Spells              Type           Power      Damage    Failure   Level
d - Dazzling Flash        Conj/Hex       100%       N/A       1%          3
f - Fulminant Prism       Conj/Hex       25%        3d14      1%          4
m - Magic Dart            Conj           100%       1d8       1%          1
s - Searing Ray           Conj           100%       2d8       1%          2
y - Sticky Flame          Conj/Fire      37%        2d6       5%          4
X - Flame Wave            Conj/Fire      37%        2d10      5%          4

Your spell library contained the following spells:

 Spells                   Type           Power      Damage    Failure   Level
 Poisonous Vapours        Pois/Air       16%        N/A       14%         2
 Apportation              Tloc           10%        N/A       10%         1
 Necrotise                Necr           20%        1d5       10%         1
 Summon Small Mammal      Summ           20%        N/A       10%         1
 Scorch                   Fire           10%        2d5       14%         2
 Conjure Flame            Conj/Fire      37%        6-21      1%          3
 Iskenderun's Mystic Bla  Conj/Tloc      37%        2d9       5%          4
 Ignite Poison            Fire/Tmut/Pois 5%         N/A       28%         3
 Vampiric Draining        Necr           5%         2d6       28%         3
 Summon Mana Viper        Hex/Summ       19%        N/A       58%         5
 Agony                    Necr           5%         N/A       95%         5
 Summon Forest            Summ/Tloc      2%         N/A       95%         5
 Summon Cactus Giant      Summ           2%         N/A       100%        6

Inventory:

Hand Weapons
 n - a +2 dagger of speed
Armour
 a - a +0 robe
 l - a +2 pair of gloves (worn)
 M - a +1 robe of cold resistance (worn)
Magical Staves
 B - a staff of air (weapon) {!a}
 N - a staff of death {!a}
Jewellery
 c - a ring of ice
 d - an amulet of reflection (around neck)
 r - the ring of the Rose {rElec rF++ rC- rCorr Slay+4}
   (You found it on level 3 of the Dungeon)

   [ring of slaying]

   Slay:      It affects your accuracy & damage with ranged weapons and melee
   (+4).
   rF:        It greatly protects you from fire.
   rC:        It makes you vulnerable to cold.
   rElec:     It insulates you from electricity.
   rCorr:     It protects you from acid and corrosion.
 C - a ring of ice (right hand)
 D - a +6 ring of dexterity (left hand)
 W - a ring of willpower
Wands
 I - a wand of paralysis (5)
 J - a wand of polymorph (2)
 K - a wand of flame (12)
Scrolls
 b - a scroll of blinking {unknown}
 e - 12 scrolls of teleportation {@r2}
 f - 3 scrolls of enchant armour {unknown}
 h - 2 scrolls of acquirement {unknown}
 i - 2 scrolls of magic mapping {unknown}
 j - 11 scrolls of identify {unknown}
 k - 3 scrolls of vulnerability {unknown}
 q - 4 scrolls of fear {unknown}
 u - a scroll of enchant weapon {unknown}
 x - 2 scrolls of poison {unknown}
 y - 2 scrolls of summoning {unknown}
 E - 2 scrolls of noise {unknown}
 H - 3 scrolls of fog {unknown}
 L - 2 scrolls of immolation {unknown}
Potions
 g - 2 potions of heal wounds {@q2}
 m - 6 potions of lignification
 o - 2 potions of might {unknown}
 p - 4 potions of haste {@q3}
 s - 2 potions of degeneration {unknown}
 t - 4 potions of curing {unknown}
 v - a potion of brilliance
 w - a potion of cancellation {unknown}
 z - 3 potions of flight
 A - 3 potions of attraction
 F - a potion of resistance
 G - a potion of mutation {unknown}

Dungeon Overview and Level Annotations

Branches:
Dungeon (10/15)            Temple (1/1) D:7         Ossuary (visited)
   Lair: D:8-11         Orc: D:9-12

Altars:
Ashenzari
Cheibriados
Dithmenos
Elyvilon
Fedhas
Gozag
Hepliaklqana
Kikubaaqudgha
Makhleb
Nemelex Xobeh
Okawaru
Qazlal
Ru
Sif Muna
Trog
Uskayaw
Vehumet
Wu Jian
Xom
Yredelemnul
Zin
The Shining One

Shops:
D:2 :   D:4 *

Annotations:
D:6 exclusion: door

#.#####.####.#...######.#####
##.#...(.# #.##.## #.#
##....##### #.##.# #.#
#.###T# #.##.# #.# #.# #<#
#.##.# #.##### #.###.# #.##.#
#...... #....## #.##.#
####### #.....# ##.##.# #
#.....# #.@# # #.....# #{## #
#....## ##.## ## ###....####
##...## #.
#.........###.#.#.# ####.
#.................# #....
#.........#.#.#.#.# ####....
####...####.##....# #......(
#... #.###...# #.##....


There were no monsters in sight!


Message History

Press: ? - help, Shift-Dir - straight line, f/p - shadow
Aim: a shadow (severely damaged, 68% to hit)
The puff of flame misses the shadow.
The shadow slips into darkness.
The shadow flickers and vanishes!
Deactivating autopickup; reactivate with Ctrl-A.
The shadow strikes at you from the darkness!
Reactivating autopickup.
Casting: Searing Ray (safe; 1% risk of failure)
Confirm with . or Enter, or press ? or * to list all spells.
Aiming: Magic Dart (safe; 1% risk of failure)
Press: ? - help, Shift-Dir - straight line, f/p - shadow
Aim: a shadow (severely damaged, 100% to hit)
The magic dart hits the shadow.
The shadow is almost destroyed.
The shadow hits you!
* * * LOW HITPOINT WARNING * * *
Casting: Magic Dart (safe; 1% risk of failure)
Confirm with . or Enter, or press ? or * to list all spells.
Aiming: Magic Dart (safe; 1% risk of failure)
Press: ? - help, Shift-Dir - straight line, f/p - shadow
Aim: a shadow (almost destroyed, 100% to hit)
The magic dart hits the shadow but does no damage.
The shadow is almost destroyed.
The shadow slips into darkness.
The shadow flickers and vanishes!
Deactivating autopickup; reactivate with Ctrl-A.
The shadow strikes at you from the darkness!
Ouch! That really hurt!
You die...

Skill      XL: |  1  2  3  4  5  6  7  8  9 10 |
---------------+-------------------------------+-----
Conjurations   | 6 7 8 9 10 11 12 14 | 14.0
Fighting       | 1 3 |  3.0
Dodging        | 3 5 6 9 |  9.5
Spellcasting   | 4 5 |  5.0
Hexes          | 2 5 6 |  6.0
Stealth        | |  2.0

Action                   |  1- 3 |  4- 6 |  7- 9 | 10-12 || total
-------------------------+-------+-------+-------+-------++-------
Melee: Dagger            |       |     3 |     4 |       ||     7
       Kick              |       |     2 |     2 |       ||     4
       Peck              |       |       |     1 |       ||     1
       Staff             |       |       |     5 |    13 ||    18
 Cast: Magic Dart        |    61 |    90 |   193 |   115 ||   459
       Searing Ray       |     2 |    14 |    57 |    44 ||   117
       Dazzling Flash    |       |       |     2 |     2 ||     4
       Flame Wave        |       |       |       |     2 ||     2
       Sticky Flame      |       |       |       |     2 ||     2
Evoke: Wand              |       |       |       |     1 ||     1
  Use: Potion            |       |       |     1 |     7 ||     8
 Stab: Sleeping          |       |       |     1 |       ||     1
Armor: Robe              |     2 |     1 |    18 |     8 ||    29
       Skin              |       |       |       |    23 ||    23
Dodge: Dodged            |     5 |     3 |    86 |    90 ||   184
Block: Other             |     3 |     2 |    18 |    38 ||    61
       Reflection        |     1 |     1 |     3 |     3 ||     8

Levels and vault maps discovered:
D:1:      psy_arrival_radial01, layout_loops_ring,
          dreamdust_ecumenical_altar_angels_and_demons, nrook_uturn,
          hangedman_decor_growths
D:2:      layout_rooms, nicolae_shop_vocational
D:3:      layout_loops_cross, minmay_bisected
D:4:      layout_loops_ring, serial_shops, nicolae_stop_n_shop_2
D:5:      layout_basic, kennysheep_generic_room_8, uniq_blork_the_orc
D:6:      minmay_polygon_palace, layout_basic, minmay_fractal_squares_gapless_5
D:7:      minmay_angry_zag, layout_cave_pods, minmay_temple_entry_glass,
          grunt_decor_resistance, roderic_lattice_a, st_stairs_2, minmay_holes
D:8:      layout_gridville, gup_ossuary_entry_pyramid, serial_demonic,
          serial_demonic_a, serial_demonic_d, serial_demonic_c,
          serial_demonic_d, chequers_serial_rivers_large_a
D:9:      layout_rooms, cheibriados_altar_1, serial_corexii_hall,
          chequers_hall_statues_wall_a, corexii_hall_statues_u,
          corexii_hall_statues_x, corexii_hall_statues_i
D:10:     layout_loops_ring, uniq_fannar
Temple:   mainiacjoe_temple_starburst

Notes
Turn   | Place    | Note
-------+----------+-------------------------------------------
     0 | D:1      | quinnr the Tengu Conjurer began the quest for the Orb.
     0 | D:1      | Reached XP level 1. HP: 10/10 MP: 4/4
   292 | D:1      | Reached XP level 2. HP: 15/15 MP: 4/6
   326 | D:1      | Reached skill level 6 in Conjurations
   577 | D:1      | Found a faded altar of an unknown god.
  1106 | D:1      | Reached XP level 3. HP: 19/19 MP: 4/7
  1286 | D:1      | Learned a level 2 spell: Searing Ray
  1831 | D:2      | Reached skill level 7 in Conjurations
  1924 | D:2      | Reached XP level 4. HP: 24/24 MP: 5/8
  2146 | D:2      | Found Etischa's Vocational Training.
  3099 | D:3      | Reached skill level 8 in Conjurations
  3105 | D:3      | Gained mutation: Your magical nature lets you fly swiftly
                  | and evasively. [Tengu growth]
  3105 | D:3      | Reached XP level 5. HP: 28/28 MP: 0/9
  3377 | D:3      | Identified the ring of the Rose {rElec rF++ rC- rCorr
                  | Slay+4}
  3782 | D:4      | Found Soxitad's General Store.
  3794 | D:4      | Bought a scroll of teleportation for 33 gold pieces
  3965 | D:4      | Noticed an ogre
  3987 | D:4      | Killed an ogre
  3988 | D:4      | Reached skill level 9 in Conjurations
  3988 | D:4      | Reached XP level 6. HP: 32/32 MP: 2/10
  4067 | D:4      | Noticed a black bear
  4311 | D:4      | Reached skill level 10 in Conjurations
  4880 | D:4      | Reached XP level 7. HP: 36/36 MP: 7/11
  4993 | D:4      | Reached skill level 11 in Conjurations
  5152 | D:4      | Learned a level 4 spell: Fulminant Prism
  5156 | D:4      | Learned a level 3 spell: Dazzling Flash
  5176 | D:5      | Entered Level 5 of the Dungeon
  5378 | D:5      | Reached skill level 1 in Fighting
  5544 | D:5      | Reached skill level 3 in Dodging
  5593 | D:4      | Reached XP level 8. HP: 35/44 MP: 0/13
  5737 | D:5      | Reached skill level 2 in Fighting
  6058 | D:5      | Noticed Blork the orc
  6076 | D:5      | Killed Blork the orc
  6077 | D:5      | Reached skill level 3 in Spellcasting
  6632 | D:6      | Reached skill level 3 in Fighting
  6632 | D:6      | Reached skill level 4 in Dodging
  6805 | D:7      | Reached skill level 12 in Conjurations
  6807 | D:7      | Reached skill level 1 in Hexes
  7166 | D:6      | Reached skill level 5 in Dodging
  7166 | D:6      | Reached skill level 4 in Spellcasting
  7367 | D:6      | Reached skill level 2 in Hexes
  7367 | D:6      | Reached XP level 9. HP: 50/50 MP: 9/16
  7875 | D:6      | Reached skill level 6 in Dodging
  7875 | D:6      | Reached skill level 3 in Hexes
  7983 | D:6      | Reached skill level 5 in Spellcasting
  8404 | D:7      | Reached skill level 4 in Hexes
  8548 | D:7      | Found a staircase to the Ecumenical Temple.
  8707 | Temple   | Entered the Ecumenical Temple
  8971 | Temple   | Became a worshipper of Vehumet
  9535 | D:7      | Reached skill level 5 in Hexes
 10097 | D:8      | Found a sand-covered staircase.
 10216 | Ossuary  | Entered an ossuary
 10223 | Ossuary  | Learned a level 4 spell: Flame Wave
 10611 | Ossuary  | Reached * piety under Vehumet
 10611 | Ossuary  | Offered knowledge of Freeze by Vehumet.
 10943 | Ossuary  | Reached XP level 10. HP: 54/56 MP: 10/18
 11461 | D:8      | Reached skill level 6 in Hexes
 13335 | D:9      | Reached skill level 7 in Dodging
 13379 | D:9      | Found a snail-covered altar of Cheibriados.
 13986 | D:9      | Offered knowledge of Poisonous Vapours by Vehumet.
 14177 | D:10     | Entered Level 10 of the Dungeon
 14181 | D:10     | Noticed a two-headed ogre
 14280 | D:9      | Killed a two-headed ogre
 14280 | D:9      | Reached ** piety under Vehumet
 14281 | D:9      | Reached skill level 13 in Conjurations
 14560 | D:10     | Reached skill level 8 in Dodging
 14644 | D:10     | HP: 1/56 [troll (12)]
 15240 | D:10     | Noticed Fannar
 15278 | D:10     | Identified 2 potions of resistance
 15291 | D:10     | Killed Fannar
 15807 | D:10     | Reached skill level 9 in Dodging
 15807 | D:10     | Reached skill level 14 in Conjurations
 15808 | D:10     | Reached XP level 11. HP: 52/60 MP: 3/19
 16161 | D:10     | Learned a level 4 spell: Sticky Flame
 16224 | D:10     | Slain by a shadow

Vanquished Creatures
  Fannar (D:10)
  A two-headed ogre (D:9)
  2 trolls (D:10)
  3 yaks (D:10)
  A wraith (D:6)
  2 water moccasins (D:6)
  2 sky beasts (D:6)
  2 black bears
  2 orc warriors (D:7)
  3 ice beasts
  3 ogres
  3 centaurs (D:9)
  A phantom (D:7)
  Blork the orc (D:5)
  A kobold brigand (D:8)
  5 bullfrogs
  3 scorpions
  A gnoll sergeant (D:8)
  A necrophage (D:6)
  7 wights
  10 killer bees
  A howler monkey (D:9)
  2 bullfrog zombies (Ossuary)
  2 centaur zombies (Ossuary)
  6 hounds
  A jelly (D:5)
  4 orc priests
  2 gnoll boudas
  2 scorpion zombies (Ossuary)
  8 iguanas
  3 orc wizards
  An ogre zombie (Ossuary)
  2 mummies
  10 adders
  12 gnolls
  3 shadow imps
  6 white imps
  5 ufetubi
  2 adder zombies (Ossuary)
  6 worms
  4 dart slugs
  23 orcs
  6 ball pythons
  4 bats
  6 endoplasms
  A giant cockroach (D:1)
  3 goblins
  8 hobgoblins
  4 jackals (D:3)
  13 kobolds
  5 quokkas
  3 frilled lizards
  3 gnoll zombies (Ossuary)
  4 goblin zombies (Ossuary)
  8 hobgoblin zombies (Ossuary)
  5 orc zombies (Ossuary)
  4 rats
237 creatures vanquished.

Table legend: (Time is in decaauts)
 A = Elapsed time spent in this place.
 B = Non-inter-level travel time spent in this place.
 C = Inter-level travel time spent in this place.
 D = Time resting spent in this place.
 E = Time spent auto-exploring this place.
 F = Levels seen in this place.
 G = Mean time per level.
                   A        B        C        D        E       F      G
               +--------+--------+--------+--------+--------+-----+--------+
         Total |  15646 |  15249 |    397 |   2608 |  10392 |  12 | 1303.8 |
       Dungeon |  14303 |  13952 |    351 |   2391 |   9588 |  10 | 1430.3 |
        Temple |    333 |    287 |     46 |      0 |    271 |   1 |  333.0 |
       Ossuary |   1009 |   1009 |      0 |    216 |    532 |   1 | 1009.0 |
               +--------+--------+--------+--------+--------+-----+--------+

Top non-repeatable levels by time:
     D:9: 1772 daAuts
     D:6: 1741 daAuts
     D:7: 1713 daAuts
     D:1: 1680 daAuts
     D:8: 1561 daAuts
     D:4: 1507 daAuts
    D:10: 1292 daAuts
     D:2: 1070 daAuts
     D:3: 1011 daAuts
 Ossuary: 1009 daAuts
     D:5: 952 daAuts
  Temple: 333 daAuts

Table legend:
 A = Non-vault XP
 B = Vault XP
 C = Vault XP percentage of total XP
 D = Non-vault monster count
 E = Vault monster count
 F = Vault count percentage of total count
                 A         B        C        D         E       F
            +---------+---------+-------+---------+---------+-------
      Total |    6460 |    3097 |  32.4 |     165 |      72 |  30.4
            +---------+---------+-------+---------+---------+-------
        D:1 |      56 |       0 |   0.0 |      21 |       0 |   0.0
        D:2 |      39 |       0 |   0.0 |      15 |       0 |   0.0
        D:3 |     136 |       7 |   4.9 |      27 |       3 |  10.0
        D:4 |     686 |       0 |   0.0 |      20 |       0 |   0.0
        D:5 |     457 |     123 |  21.2 |      15 |       3 |  16.7
        D:6 |     499 |    1314 |  72.5 |       8 |      19 |  70.4
        D:7 |     663 |     344 |  34.2 |      11 |       7 |  38.9
        D:8 |     918 |      98 |   9.6 |      24 |       9 |  27.3
        D:9 |    1696 |       0 |   0.0 |      16 |       0 |   0.0
       D:10 |    1310 |     878 |  40.1 |       8 |       1 |  11.1
    Ossuary |       0 |     333 | 100.0 |       0 |      30 | 100.0
            +---------+---------+-------+---------+---------+-------
